Unix NetHack Version 5.0.0-0 post-release - last build May 10 2026 23:12:36 (d1fa5d53e341ca933230fdaa984d921c805b60aa,branch:main).

Game began 2026-05-16 12:36:47, ended 2026-05-16 14:51:35.

Fletchius, chaotic male elven Wizard

         ---                                                     ------
       ---.--                   $                      ---      --.--.--
       |...*|                               $          ..|     --......--
     ---....|                                          ..| $   |..--....|   $
     |......---                          ---------     -.|    --*--|....|
     |........|        -------------    --^q*....----  |.|   --..| --.------
     --.|.....--       |.........oo------Q.---......---|.|   |..--  |.----.--
      ----.....---     |..--------.o.o--@q-- --..--...-|.|  --..--- |.......--
        --...`...--    --.|---.|.---#.oo.------#-----..|.| --.....| |.*......|
        |.........----  |.|.|..:...--ooo.D...|#     --...| |......| |..*....--
       --..........|.-- |...!...............[#-     ----.---.^.---- --....(.|
       |..............| |..............)......|-----|..|....`.--   ---......---
       --..|.....|...-|--.|..---..............|....-|....------    |.........>|
        ------..---...--..|--- |....................|-.|...|       |..........|
             |..^--.|....--    --...|.|..........--------..|     ---...--....--
             |......----.---   --...|.|.[........--     ----   ---..----------
             ---.....---.<.| $ |......|---.[......|            |...--
               --.....|....| $ --....--  --.......| $          --.--
                ---..---...|    |.. -     |...--..|             ---
                  ---- -----    --.       --.-- ---
                                 --        ---
Fletchius the Thaumaturge  St:12 Dx:16 Co:12 In:18 Wi:11 Ch:9  Chaotic
Dlvl:8  $:374 HP:0(54) Pw:74(74) AC:9  Xp:8 T:6690  Satiated Blind Deaf

Latest messages:
 You destroy the manes!
 You destroy the manes!
 The magic-absorbing blade stuns the manes!
 You destroy the manes!
 A trap door in the ceiling opens and a rock falls on your head!
 Your cornuthaum does not protect you.
 You step onto a polymorph trap!
 You feel momentarily different.
 You are momentarily blinded by a flash of light!
 You hear a deafening roar!
 An Uruk-hai suddenly appears next to you!
 An Uruk-hai suddenly appears close by!
 An Uruk-hai suddenly appears close by!
 An Uruk-hai suddenly appears close by!
 An Uruk-hai suddenly appears close by!
 An Uruk-hai suddenly appears close by!
 An Uruk-hai suddenly appears close by!
 An Uruk-hai suddenly appears close by!
 An Uruk-hai suddenly appears close by!
 An Uruk-hai suddenly appears next to you!
 A goblin suddenly appears next to you!
 A rothe suddenly appears close by!
 A rothe suddenly appears close by!
 A rothe suddenly appears close by!
 A rothe suddenly appears next to you!
 A mumak suddenly appears close by!
 What do you want to read? [lmyGHJKV or ?*] ?
 What do you want to read? [lmyGHJKV or ?*] <space>
 Never mind.
 What do you want to read? [lmyGHJKV or ?*] ?
 What do you want to read? [lmyGHJKV or ?*] <space>
 Never mind.
 What do you want to use or apply? [acl-otuxHKQSZ or ?*] ?
 You produce a strange, sharp vibration.
 Your green dragon shifts location.
 The rothe turns into a genetic engineer!
 The rothe hits!
 The rothe bites!
 The rothe bites again!
 The goblin misses!
 The magic-absorbing blade scares the rothe!
 You kill the rothe!
 The goblin hits!
 You kill the goblin!
 The rothe hits!
 The rothe bites!
 The rothe bites again!
 The Uruk-hai hits!
 You die...
 Do you want your possessions identified? [ynq] (y) q

Inventory:
 Coins    ('$')
  $ - 374 gold pieces
 Weapons  (')')
  R - the rustproof +0 Magicbane (weapon in right hand)
 Armor    ('[')
  Y - an uncursed +0 cornuthaum (being worn)
  P - a blessed rustproof +0 orcish helm
  b - an uncursed +0 cloak of magic resistance (being worn)
 Comestibles  ('%')
  E - 4 uncursed food rations
  D - an uncursed tripe ration
 Scrolls  ('?')
  V - an uncursed scroll of amnesia
  y - 2 uncursed scrolls of create monster
  J - an uncursed scroll of magic mapping
  G - an uncursed scroll of remove curse
 Spellbooks  ('+')
  l - a blessed spellbook of force bolt
  H - an uncursed spellbook of magic mapping
  m - an uncursed spellbook of magic missile
  K - an uncursed spellbook of turn undead
 Potions  ('!')
  M - an uncursed diluted potion of blindness
  f - an uncursed potion of object detection
 Rings    ('=')
  d - an uncursed +3 ring of increase damage (on left hand)
  h - an uncursed ring of polymorph control
  j - a cursed ring of searching
 Wands    ('/')
  t - a wand of death (0:6)
  Q - a wand of light (0:14)
  c - a wand of locking (0:8)
  u - a wand of magic missile (0:4)
 Tools    ('(')
  o - an uncursed blindfold
  n - a magic marker (0:19)
  x - an uncursed magic whistle
  Z - a rustproof +0 pick-axe
  a - an uncursed skeleton key
 Gems/Stones  ('*')
  N - an uncursed amethyst stone
  O - an uncursed diamond
  F - 2 uncursed emeralds
  w - an uncursed jet stone
  T - 2 uncursed rubies
  v - an uncursed worthless piece of green glass
  A - 2 uncursed worthless pieces of orange glass
  C - an uncursed worthless piece of red glass
  L - an uncursed worthless piece of violet glass
  S - an uncursed flint stone
  B - an uncursed luckstone

Fletchius the Wizard's attributes:

Background:
 You were a Thaumaturge, a level 8 male elven Wizard.
 You were chaotic, on a mission for Anhur
 who was opposed by Ptah (lawful) and Thoth (neutral).
 You were right-handed.
 You were in the Gnomish Mines, on level 8.
 You entered the dungeon 6690 turns ago.
 There was a new moon in effect when your adventure ended.
 You had 2276 experience points, 284 more were needed to attain level 9.

Basics:
 You had 0 out of 54 hit points.
 You had all 74 energy points (spell power).
 Your armor class was 9.
 Your wallet contained 374 zorkmids.
 Autopickup was off.

Final Characteristics:
 Your strength was 12 (limit:18).
 Your dexterity was 16 (limit:18).
 Your constitution was 12 (peak:16, limit:16).
 Your intelligence was 18 (limit:20).
 Your wisdom was 11 (limit:20).
 Your charisma was 9 (base:8, limit:18).

Final Status:
 You were temporarily blind.
 You were deaf.
 You were satiated.
 You were unencumbered.
 You were wielding a dagger.
 You were skilled in dagger.

Final Attributes:
 You were piously aligned.
 You were magic-protected.
 You were cold resistant.
 You were sleep resistant.
 You were telepathic.
 You were clairvoyant.
 You had infravision.
 You had a small damage bonus (+3).
 You were warded.
 You were lucky.
 You had extra luck.
 Bad luck did not time out for you.
 Good luck did not time out for you.
 You are dead.

Miscellaneous:
 You didn't encounter any bones levels.
 Total elapsed playing time was 2 hours, 14 minutes and 47 seconds.

Major events:
 Turn
    1: Fletchius the chaotic male elven Wizard entered the dungeon
  673: attained the rank of Conjurer (level 3)
 2093: was bestowed with Magicbane by Anhur
 2366: entered the Gnomish Mines
 3257: attained the rank of Thaumaturge (level 6)
 3725: reached Mine Town
 6690: killed by an Uruk-hai

Spells:
 Name                 Level Category     Fail Retention
 force bolt             1   attack         0%   61%-70%
 magic missile          2   attack         0%   61%-70%
 detect treasure        4   divination   100%   51%-75%
 haste self             3   escape        77%   51%-75%
 magic mapping          5   divination   100%  76%-100%
 turn undead            6   clerical     100%  76%-100%

Skills:
 Fighting Skills
   bare handed combat [Unskilled]
   riding             [Unskilled]
 Weapon Skills
   dagger             [Skilled]
   knife              [Unskilled]
   axe                [Unskilled]
   short sword        [Unskilled]
   club               [Unskilled]
   mace               [Unskilled]
   quarterstaff       [Basic]
   polearms           [Unskilled]
   spear              [Unskilled]
   trident            [Unskilled]
   sling              [Unskilled]
   dart               [Unskilled]
   shuriken           [Unskilled]
 Spellcasting Skills
   attack spells      [Basic]
   healing spells     [Unskilled]
   divination spells  [Unskilled]
   enchantment spells [Basic]
   clerical spells    [Unskilled]
   escape spells      [Unskilled]
   matter spells      [Unskilled]

Voluntary challenges:
 Character rerolling was not enabled.
 You never genocided any monsters.
 You never polymorphed an object.
 You never changed form.
 You used no wishes.
Achievements:
 You entered a shop.
 You attained the rank of Conjurer.
 You entered the Gnomish Mines.
 You attained the rank of Thaumaturge.
 You entered Minetown.
 You entered a temple.

 The Dungeons of Doom: levels 1 to 5
    Level 1:
    Level 2:
       A general store, an altar to Anhur, some fountains, a sink.
    Level 3:
       A fountain.
       Stairs down to The Gnomish Mines.
    Level 4:
       A fountain.
    Level 5:
 The Gnomish Mines: levels 4 to 11
    Level 4:
    Level 5:
    Level 6:
    Level 7:
       Many shops, a temple and an altar to Anhur, some fountains.
    Level 8: <- You were here.
       Final resting place for
          you, killed by an Uruk-hai.
    Level 9:
    Level 10:
    Level 11:
       A fountain.


Vanquished creatures:
  a demilich
  2 vampires
  a winter wolf
 an ettin mummy
 an ettin zombie
  a quivering blob
  a cockatrice
  3 wolves
  a leprechaun
  a mumak
 an orc mummy
  a rust monster
  a blue jelly
  a dust vortex
  3 gnome mummies
  a human zombie
  a water nymph
 an Uruk-hai
  2 yellow lights
  2 violet fungi
 10 gnome leaders
  3 gnomish wizards
  a kobold mummy
 an elf zombie
  a straw golem
  4 floating eyes
 18 dwarves
  a homunculus
  5 rothes
  a werejackal
  2 acid blobs
  2 coyotes
  4 gas spores
  4 hobbits
  4 manes
  a large kobold
  2 giant rats
  4 yellow molds
 59 gnomes
  6 garter snakes
  4 geckos
  2 jackals
  2 kobolds
  6 goblins
  a sewer rat
  4 grid bugs
  a lichen
  2 kobold zombies
  3 newts
185 creatures vanquished.

No species were genocided or became extinct.

Game over:
                       ----------
                      /          \
                     /    REST    \
                    /      IN      \
                   /     PEACE      \
                  /                  \
                  |    Fletchius     |
                  |      374 Au      |
                  |   killed by an   |
                  |     Uruk-hai     |
                  |                  |
                  |                  |
                  |       2026       |
                 *|     *  *  *      | *
        _________)/\\_//(\/(/\)/\//\/|_)_______

Goodbye Fletchius the Wizard...

You died in The Gnomish Mines on dungeon level 8 with 10001 points,
and 374 pieces of gold, after 6690 moves.
You were level 8 with a maximum of 54 hit points when you died.

